 Dungeon Crawl Stone Soup version 0.29-a0-870-g2c972031a6 (webtiles) character file.

Game seed: 8034453839963909362

201 nxtlvl the Cutter (level 5, -3/31 HPs)
             Began as a Deep Elf Monk on July 17, 2022.
             Slain by an orc
             ... wielding a +0 flail
              (9 damage)
             ... on level 3 of the Dungeon.
             The game lasted 00:12:11 (1494 turns).

nxtlvl the Cutter (Deep Elf Monk)                   Turns: 1494, Time: 00:12:12

Health: -3/31      AC:  2    Str:  8    XL:     5   Next: 50%
Magic:  7/7        EV: 14    Int: 17    God:
Gold:   107        SH:  0    Dex: 17    Spells: 4/4 levels left

rFire   . . .      SeeInvis .   a - +1 short sword (freeze)
rCold   . . .      Faith    .   (no shield)
rNeg    . . .      Spirit   .   h - +0 robe
rPois   .          Reflect  .   (no helmet)
rElec   .          Harm     .   (no cloak)
rCorr   .          Rampage  .   (no gloves)
Will    .....                   (no boots)
Stlth   ++........              (no amulet)
HPRegen 0.10/turn               (no ring)
MPRegen 0.10/turn               (no ring)

@: no status effects
A: no striking features
a: no special abilities


You were on level 3 of the Dungeon.
You visited 1 branch of the dungeon, and saw 4 of its levels.

You collected 107 gold pieces.

Inventory:

Hand Weapons
 a - a +1 short sword of freezing (weapon)
 b - a +0 sling
Missiles
 n - 12 stones
 q - 5 poisoned darts (quivered)
Armour
 h - a +0 robe (worn)
Jewellery
 d - an amulet of magic regeneration
Wands
 p - a wand of polymorph (6)
Scrolls
 c - a scroll of teleportation {unknown}
 e - a scroll of enchant armour {unknown}
 f - 2 scrolls of fog {unknown}
 i - 3 scrolls of identify {unknown}
 j - a scroll of blinking {unknown}
 k - 2 scrolls of fear
 l - a scroll of silence {unknown}
 o - 2 scrolls of vulnerability {unknown}
Potions
 g - 2 potions of resistance {unknown}
 m - a potion of ambrosia
 r - a potion of heal wounds {unknown}


   Skills:
 - Level 2.4 Fighting
 - Level 6.0 Short Blades
 * Level 4.3 Dodging
 - Level 2.4 Stealth


You had 4 spell levels left.
You didn't know any spells.
Your spell library contained the following spells:

 Spells                   Type           Power      Damage    Failure   Level
 Gell's Gravitas          Tloc           0%         N/A       56%         3
 Lesser Beckoning         Tloc           0%         N/A       56%         3
 Teleport Other           Tloc           0%         N/A       56%         3


Dungeon Overview and Level Annotations

Branches:
Dungeon (4/15)
 Temple: D:4-7

Altars:

Annotations:
D:2 1 runed translucent door, Crazy Yiuf


Message History

You hit the kobold but do no damage.
You feel sick.
The kobold hits you with a +0 short sword.
You hit the kobold but do no damage.
You feel sick.
You hit the kobold. You freeze the kobold.
You kill the kobold!
You feel sick.
An endoplasm comes into view.
An orc comes into view. It is wielding a +0 dagger.
You feel sick.
Okay, then.
You feel sick.
You feel sick.
You feel sick.
You are no longer poisoned.
Your +1 short sword of freezing stops glowing.
b - a +0 sling (weapon)
Fire: b) +0 sling
Press: ? - help, Q - select action, (/) - cycle Shift-Dir - straight line, f - orc
Aim: an orc, wielding a +0 flail and wearing a +0 ring mail (61% to hit)
You shoot a sling bullet. The sling bullet barely misses the orc.
Fire: b) +0 sling
Press: ? - help, Q - select action, (/) - cycle Shift-Dir - straight line, f/p - orc
Aim: an orc, wielding a +0 flail and wearing a +0 ring mail (61% to hit)
You shoot a sling bullet.
The sling bullet closely misses the orc.
Fire: b) +0 sling
Press: ? - help, Q - select action, (/) - cycle Shift-Dir - straight line, f/p - orc
Aim: an orc, wielding a +0 flail and wearing a +0 ring mail (61% to hit)
You shoot a sling bullet.
The sling bullet hits the orc but does no damage.
Your +1 short sword of freezing glows with a cold blue light!
a - a +1 short sword of freezing (weapon)
You hit the orc but do no damage. The orc closely misses you.
You hit the orc. You freeze the orc. You punch the orc, but do no damage.
The orc is severely wounded.
The orc closely misses you.
You hit the orc but do no damage.
The orc is severely wounded.
The orc hits you with a +0 flail!
You die...

########
#.#########
#.......
#...@o....#
#.######
#########.# #.# #.#
#.##### #.#
#.#...## #######.#
#.#.....
......#.####.#.....
......Jo...........
#####.#.####.#.....
#.#.# #.#.....


You could see an orc.

Vanquished Creatures
  A scorpion (D:4)
  A hound (D:4)
  An iguana (D:4)
  Robin (D:3)
  2 adders (D:4)
  2 dart slugs
  An orc (D:4)
  4 endoplasms
  2 giant cockroaches (D:1)
  13 goblins
  6 hobgoblins
  A quokka (D:4)
  3 ball pythons
  3 bats
  A frilled lizard (D:1)
  2 kobolds
  5 rats
49 creatures vanquished.

Vanquished Creatures (others)
  3 plants (D:3)
3 creatures vanquished.

Grand Total: 52 creatures vanquished

Notes
Turn   | Place    | Note
-------+----------+-------------------------------------------
     0 | D:1      | nxtlvl the Deep Elf Monk began the quest for the Orb.
     0 | D:1      | Reached XP level 1. HP: 13/13 MP: 3/3
    62 | D:1      | Found a faded altar of an unknown god.
   169 | D:2      | Reached XP level 2. HP: 6/18 MP: 4/4
   376 | D:1      | Reached skill level 4 in Short Blades
   416 | D:2      | Found a runed translucent door.
   417 | D:2      | Noticed Crazy Yiuf
   761 | D:4      | Reached XP level 3. HP: 22/22 MP: 5/5
   874 | D:4      | Noticed a scorpion
   914 | D:4      | Reached skill level 5 in Short Blades
   914 | D:4      | Reached XP level 4. HP: 13/27 MP: 6/6
  1156 | D:4      | Killed a scorpion
  1157 | D:4      | Reached skill level 6 in Short Blades
  1157 | D:4      | Reached XP level 5. HP: 5/31 MP: 7/7
  1296 | D:4      | Noticed an ice beast
  1374 | D:3      | Noticed Robin
  1421 | D:3      | Killed Robin
  1494 | D:3      | Slain by an orc

Illustrated notes

Levels and vault maps discovered:
D:1:      saegor_arrival_simple_e, layout_basic,
          ebering_ecumenical_altar_abandoned, kennysheep_crisscross
D:2:      minmay_chambers_of_ones, layout_loops_ring,
          minmay_misc_feat_more_columns, minmay_hexomino_u4,
          uniq_crazy_yiuf_cottage, uniq_terence
D:3:      corexii_shack_village, layout_basic, uniq_robin
D:4:      layout_basic, serial_forest, infiniplex_forest_diagonal,
          infiniplex_forest_lined_room_, infiniplex_forest_zigzag_1,
          infiniplex_forest_clump_C

Skill      XL: |  1  2  3  4  5 |
---------------+----------------+-----
Short Blades   | 4 5 6 |  6.0
Dodging        | 4 |  4.3
Fighting       | |  2.4
Stealth        | |  2.4

Action                   |  1- 3 |  4- 6 || total
-------------------------+-------+-------++-------
Melee: Short sword       |    71 |    57 ||   128
       Punch             |     2 |     1 ||     3
 Fire: Sling             |    29 |    20 ||    49
Throw: Dart              |       |     5 ||     5
  Use: Scroll            |     1 |       ||     1
       Potion            |     1 |     2 ||     3
 Stab: Sleeping          |     5 |     5 ||    10
Armor: Robe              |     5 |     4 ||     9
Dodge: Dodged            |    31 |    22 ||    53

Table legend: (Time is in decaauts)
 A = Elapsed time spent in this place.
 B = Non-inter-level travel time spent in this place.
 C = Inter-level travel time spent in this place.
 D = Time resting spent in this place.
 E = Time spent auto-exploring this place.
 F = Levels seen in this place.
 G = Mean time per level.
                   A        B        C        D        E       F      G
               +--------+--------+--------+--------+--------+-----+--------+
         Total |   1485 |   1460 |     25 |      0 |     55 |   4 |  371.2 |
       Dungeon |   1485 |   1460 |     25 |      0 |     55 |   4 |  371.2 |
               +--------+--------+--------+--------+--------+-----+--------+

Top non-repeatable levels by time:
     D:4: 492 daAuts
     D:3: 413 daAuts
     D:1: 324 daAuts
     D:2: 255 daAuts
